 Dungeon Crawl Stone Soup version 0.30.0-18-gc0e69614cb (webtiles) character file.

Game seed: 12028018228952356607

48 Peloso the Covered (level 3, 0/33 HPs)
             Began as a Minotaur Fighter on May 25, 2023.
             Slain by Natasha (6 damage)
             ... on level 2 of the Dungeon.
             The game lasted 00:01:37 (880 turns).

Peloso the Covered (Minotaur Fighter)                Turns: 880, Time: 00:01:38

Health: 0/33       AC:  6    Str: 20    XL:     3   Next: 50%
Magic:  2/2        EV: 17    Int:  5    God:
Gold:   71         SH:  0    Dex: 11    Spells: 2/2 levels left

rFire   + + .        a - melded +0 long sword
rCold   + + .        d - melded +0 buckler
rNeg    + + +        c - melded +0 chain mail
rPois   ∞            (helmet currently unavailable)
rElec   +            (cloak currently unavailable)
rCorr   +            (gloves currently unavailable)
SInv    .            (boots currently unavailable)
Will    .....        (amulet currently unavailable)
Stlth   +            (ring currently unavailable)
HPRegen 0.25/turn    (ring currently unavailable)
MPRegen 0.08/turn

%: no passive effects
@: wisp-form, flying
A: insubstantial, flying, no casting, tiny, (horns 2), (retaliatory headbutt)
a: no special abilities


You were on level 2 of the Dungeon.
You were an insubstantial wisp.
You visited 1 branch of the dungeon, and saw 2 of its levels.

You collected 71 gold pieces.

Inventory:

Hand Weapons
 a - a +0 long sword (melded)
Armour
 b - a +0 scale mail
 c - a +0 chain mail (melded)
 d - a +0 buckler (melded)
Scrolls
 e - a scroll of noise {unknown}
 f - a scroll of butterflies {unknown}
 h - 7 scrolls of identify {unknown}
 i - a scroll of teleportation {unknown}
Potions
 g - 2 potions of might
 j - a potion of curing {unknown}


   Skills:
 + Level 4.2 Fighting
 + Level 2.9 Long Blades
 + Level 4.3 Armour
 + Level 4.2 Shields


You had 2 spell levels left.
You didn't know any spells.
Your spell library was empty.

Dungeon Overview and Level Annotations

Branches:
Dungeon (2/15)

Altars:

Annotations:
D:2 Natasha


Innate Abilities, Weirdness & Mutations

You are an insubstantial wisp.
Your tiny insubstantial body is highly resistant to most damage types.
You are flying.
Your equipment is entirely melded.
You are incapable of wielding weapons or throwing items.
You cannot cast spells.
((You have a pair of horns on your head.))
((You reflexively headbutt those who attack you in melee.))


Message History

Your +0 long sword unmelds from your body.
Your +0 buckler unmelds from your body.
Your +0 chain mail unmelds from your body.
Natasha mumbles some strange words.
The cerulean imp hits you from afar with a +1 spear.
The cerulean imp disappears in a puff of smoke!
Natasha mumbles some strange words.
You feel disoriented.
Natasha zaps a wand.
You turn into an insubstantial wisp.
Your +0 long sword melds into your body.
Your +0 buckler melds into your body.
Your +0 chain mail melds into your body.
Natasha casts a spell.
Natasha barely misses you.
You touch Natasha.
Natasha is lightly wounded.
The cerulean imp completely misses you.
The cerulean imp hits you but does no damage.
Natasha casts a spell at you. The magic dart hits you!
You touch Natasha but do no damage.
Natasha is lightly wounded.
The cerulean imp hits you from afar with a +3 spear.
The cerulean imp hits you but does no damage.
Natasha claws you but does no damage.
You touch Natasha.
Natasha is moderately wounded.
The cerulean imp misses you. The cerulean imp closely misses you.
Natasha barely misses you.
You touch Natasha but do no damage.
Natasha is moderately wounded.
The cerulean imp closely misses you. The cerulean imp completely misses you.
Natasha claws you!
* * * LOW HITPOINT WARNING * * *
You touch Natasha.
Natasha is heavily wounded.
The cerulean imp hits you from afar with a +3 spear.
* * * LOW HITPOINT WARNING * * *
The cerulean imp misses you. Natasha claws you.
You die...

#.5h...#.............#
#.######......h###.####
#.#.### #..............#
#.###..# #........##.##.#
## #.#.# #........##.# #
#.##.# #....5...##.. ## #.#
####.###.#####..
#.######..†.........
########...vh5..####.####.#
#.........##.5.......[.
#.........##.#..#..#.###
##.........#........#.#
#......<...†..#.......#
#.......<#.##.......###
#........#.......####
#........#######.#
...##.#.## .#


You could see Natasha and 2 cerulean imps.

Vanquished Creatures
  Natasha (D:2)
  3 bats
  2 endoplasms
  3 jackals (D:1)
  A kobold (D:1)
  3 quokkas
  3 ball pythons (D:1)
  A frilled lizard (D:1)
  3 goblins
  A rat (D:1)
21 creatures vanquished.

Notes
Turn   | Place    | Note
-------+----------+-------------------------------------------
     0 | D:1      | Peloso the Minotaur Fighter began the quest for the Orb.
     0 | D:1      | Reached XP level 1. HP: 19/19 MP: 0/0
   416 | D:1      | Reached XP level 2. HP: 27/27 MP: 1/1
   771 | D:2      | Noticed Natasha
   773 | D:2      | Killed Natasha
   774 | D:2      | Reached XP level 3. HP: 33/33 MP: 2/2
   823 | D:2      | Noticed Natasha
   880 | D:2      | Slain by Natasha

Illustrated notes

Levels and vault maps discovered:
D:1:      heliophobic_arrival_dark_side_of_the_moon, layout_loops_ring
D:2:      layout_loops_cross, hellmonk_ecumenical_altar_lost_god,
          nicolae_shop_vocational, uniq_crazy_yiuf_cottage, uniq_natasha,
          uniq_sigmund

Skill      XL: |  1  2 |
---------------+-------+-----
Fighting       | 4 |  4.2
Shields        | 4 |  4.2
Armour         | 4 |  4.3
Long Blades    | |  2.9

Action                     || total
---------------------------++-------
  Melee: Long sword        ||    40
         Headbutt          ||     3
         Unarmed           ||     6
 Armour: Chain mail        ||    22
         Scale mail        ||     1
         Skin              ||     3
  Dodge: Dodged            ||    24
  Block: Buckler           ||    11
